 Dungeon Crawl Stone Soup version 0.27-a0-416-gca2cecf3c0 (webtiles) character file.

Game seed: 15926336994804979058

90 Aapotti the Chiller (level 4, -4/30 HPs)
             Began as a Human Ice Elementalist on Feb 24, 2021.
             Shot with an arrow by a centaur (11 damage)
             ... on level 3 of the Dungeon on Feb 25, 2021.
             The game lasted 00:09:49 (1845 turns).

Aapotti the Chiller (Human Ice Elementalist)        Turns: 1845, Time: 00:09:50

Health: -4/30      AC:  4    Str: 14    XL:     4   Next: 85%
Magic:  7/8        EV: 12    Int: 16    God:
Gold:   129        SH:  0    Dex: 14    Spells: 2/9 levels left

rFire    . . .     SeeInvis .   b - +0 dagger
rCold    . . .     Faith    .   (no shield)
rNeg     . . .     Spirit   .   a - +0 robe
rPois    .         Reflect  .   (no helmet)
rElec    .         Harm     .   (no cloak)
rCorr    .         Rampage  .   c - +1 pair of gloves
Will     .....                  (no boots)
Stlth    ++........             (no amulet)
HPRegen  0.10/turn              d - +6 ring of strength
MPRegen  0.11/turn              (no ring)

@: no status effects
A: no striking features
a: no special abilities


You were on level 3 of the Dungeon.
You visited 1 branch of the dungeon, and saw 3 of its levels.

You collected 129 gold pieces.

Inventory:

Hand Weapons
 b - a +0 dagger (weapon)
Armour
 a - a +0 robe (worn)
 c - a +1 pair of gloves (worn)
Jewellery
 d - a +6 ring of strength (left hand)
Scrolls
 e - a scroll of identify {unknown}
 f - 2 scrolls of enchant weapon {unknown}
Potions
 g - a potion of curing {unknown}


   Skills:
 + Level 1.0 Short Blades
 - Level 2.0 Dodging
 - Level 2.0 Stealth
 + Level 3.2 Spellcasting
 + Level 4.8 Ice Magic


You had 2 spell levels left.
You knew the following spells:

 Your Spells              Type           Power        Failure   Level
a - Freeze                Ice            72%          2%          1
b - Ozocubu's Armour      Ice            18%          8%          3
c - Frozen Ramparts       Ice            36%          8%          3

Your spell library contained the following spells:

 Spells                   Type           Power        Failure   Level
 Hailstorm                Conj/Ice       10%          56%         4
 Summon Ice Beast         Ice/Summ       10%          56%         4


Dungeon Overview and Level Annotations

Branches:
Dungeon (3/15)

Altars:
Gozag

Annotations:
D:2 Sigmund


Message History

You freeze the adder.
You kill the adder!
You feel sick.
A giant cockroach comes into view.
You feel sick.
You feel sick.
You feel sick.
Found a scroll labelled JEANTA YNWYKYINGAV.
Casting: Freeze (safe; 2% risk of failure)
Confirm with . or Enter, or press ? or * to list all spells.
Aiming: Freeze (safe; 2% risk of failure)
Press: ? - help, Shift-Dir - straight line, f - giant cockroach
Aim: a giant cockroach You freeze the giant cockroach.
You kill the giant cockroach!
You feel sick.
You feel sick.
You are no longer poisoned.
Unknown command.
Found a metallic sapphire potion.
f - 2 scrolls labelled JEANTA YNWYKYINGAV (gained 1)
A quokka comes into view.
Found an opulent altar of Gozag.
g - a metallic sapphire potion You hear the rusting of a very distant drain.
A centaur comes into view.
Found a scroll labelled AMUUCZ GITHRO.
The centaur shouts!
The centaur wields a +0 shortbow.
The centaur shoots an arrow.
The arrow hits you. The quokka closely misses you.
The centaur shoots an arrow.
The arrow hits you! The quokka bites you.
* * * LOW HITPOINT WARNING * * *
Casting: Freeze (safe; 2% risk of failure)
Confirm with . or Enter, or press ? or * to list all spells.
Okay, then.
The quokka closely misses you.
The centaur shoots an arrow.
The arrow hits you.
* * * LOW HITPOINT WARNING * * *
The centaur shoots an arrow.
The arrow hits you!
You die...

#######...####.##.# #.###
#.##.# #.# #B##.###### #.#
#.##......# #.# #.#######.#
#.# #.#######.# #.#
#.........#
#.##############.#
#########.@..............#
...._.....##############.#
.........r# ## #.#
..........# .. #.##
..........# ####.# #<..
......c...# #....### #.##
..........#####.#....#.#.##
................#.##.#.#.##
.......?........+<.......##


You could see a centaur and a quokka.

Vanquished Creatures
  4 adders
  2 leopard geckos
  A ball python (D:2)
  4 giant cockroaches
  3 goblins
  4 hobgoblins (D:1)
  6 jackals
  8 kobolds
  2 quokkas (D:2)
  7 bats
  A giant cockroach zombie (D:2)
  A jackal zombie (D:2)
  A quokka skeleton (D:2)
  6 rats
50 creatures vanquished.

Notes
Turn   | Place    | Note
-------+----------+-------------------------------------------
     0 | D:1      | Aapotti the Human Ice Elementalist began the quest for the
                  | Orb.
     0 | D:1      | Reached XP level 1. HP: 13/13 MP: 3/3
   130 | D:1      | Reached XP level 2. HP: 7/19 MP: 0/5
   806 | D:1      | Reached XP level 3. HP: 24/24 MP: 3/6
   868 | D:1      | Learned a level 3 spell: Ozocubu's Armour
   872 | D:1      | Learned a level 3 spell: Frozen Ramparts
  1194 | D:2      | Noticed Sigmund
  1243 | D:2      | Upgraded the game from 0.27-a0-412-g8dd771eca2 to
                  | 0.27-a0-416-gca2cecf3c0
  1340 | D:2      | Found a faded altar of an unknown god.
  1503 | D:2      | Reached XP level 4. HP: 27/30 MP: 4/8
  1662 | D:3      | Reached skill level 1 in Short Blades
  1832 | D:3      | Found an opulent altar of Gozag.
  1839 | D:3      | Noticed a centaur
  1845 | D:3      | Shot with an arrow by a centaur

Illustrated notes

Levels and vault maps discovered:
D:1:      saegor_arrival_simple_d, layout_basic
D:2:      layout_rooms, serial_undead, serial_undead_d, serial_undead_e,
          serial_undead_d, serial_undead_f, chequers_ecumenical_altar_simple,
          minmay_between, uniq_jessica, uniq_sigmund
D:3:      layout_basic, overflow_temple_1_default, portal_sewer_entry_b

Skill      XL: |  1  2  3  4 |
---------------+-------------+-----
Spellcasting   | 3 |  3.2
Short Blades   | 1 |  1.0
Dodging        | |  2.0
Stealth        | |  2.0
Ice Magic      | |  4.8

Action                   |  1- 3 |  4- 6 || total
-------------------------+-------+-------++-------
Melee: Dagger            |    25 |     9 ||    34
 Cast: Freeze            |    47 |    14 ||    61
       Ozocubu's Armour  |     2 |     1 ||     3
       Frozen Ramparts   |     1 |       ||     1
  Use: Potion            |     1 |       ||     1
       Scroll            |       |     1 ||     1
 Stab: Sleeping          |     1 |     1 ||     2
Armor: Robe              |    28 |     8 ||    36
Dodge: Dodged            |    55 |    21 ||    76

Table legend: (Time is in decaauts)
 A = Elapsed time spent in this place.
 B = Non-inter-level travel time spent in this place.
 C = Inter-level travel time spent in this place.
 D = Time resting spent in this place.
 E = Time spent auto-exploring this place.
 F = Levels seen in this place.
 G = Mean time per level.
                   A        B        C        D        E       F      G
               +--------+--------+--------+--------+--------+-----+--------+
         Total |   1844 |   1817 |     27 |    723 |    385 |   3 |  614.7 |
       Dungeon |   1844 |   1817 |     27 |    723 |    385 |   3 |  614.7 |
               +--------+--------+--------+--------+--------+-----+--------+

Top non-repeatable levels by time:
     D:1: 1113 daAuts
     D:2: 520 daAuts
     D:3: 210 daAuts
